 Dungeon Crawl Stone Soup version 0.28-a0-863-g8cecda6153 (webtiles) character file.

Game seed: 10143659231950848836

11 Twinkles the Charlatan (level 2, 0/14 HPs)
             Began as a Spriggan Artificer on Nov 16, 2021.
             Slain by a kobold (2 damage)
             ... on level 1 of the Dungeon.
             The game lasted 00:03:54 (753 turns).

Twinkles the Charlatan (Spriggan Artificer)          Turns: 753, Time: 00:03:54

Health: 0/14       AC:  2    Str:  8    XL:     2   Next: 17%
Magic:  3/3        EV: 18    Int: 12    God:
Gold:   11         SH:  0    Dex: 15    Spells: 1/1 levels left

rFire   . . .      SeeInvis +   a - +0 dagger
rCold   . . .      Faith    .   (shield restricted)
rNeg    . . .      Spirit   .   b - +0 robe
rPois   .          Reflect  .   (helmet restricted)
rElec   .          Harm     .   (no cloak)
rCorr   .          Rampage  .   (gloves unavailable)
Will    .....                   (boots unavailable)
Stlth   ++........              (no amulet)
HPRegen 0.04/turn               (no ring)
MPRegen 0.08/turn               (no ring)

@: very quick
A: very small, no large weapons, unfitting armour, see invisible, speed 3
a: no special abilities


You were on level 1 of the Dungeon.
You visited 1 branch of the dungeon, and saw 1 of its levels.

You collected 11 gold pieces.

Inventory:

Hand Weapons
 a - a +0 dagger (weapon)
Missiles
 s - 16 stones
Armour
 b - a +0 robe (worn)
Wands
 e - a wand of charming (15) (quivered)
 q - a wand of flame (15)
Miscellaneous
 d - a piece from Xom's chessboard (15/15)


   Skills:
 + Level 1.1 Fighting
 + Level 3.5 Dodging
 + Level 2.2 Stealth
 + Level 4.2 Evocations


You had one spell level left.
You didn't know any spells.
Your spell library contained the following spells:

 Spells                   Type           Power      Damage    Failure   Level
 Sublimation of Blood     Necr           0%         N/A       45%         2
 Wereblood                Tmut           0%         N/A       45%         2
 Summon Hydra             Summ           0%         N/A       100%        7


Dungeon Overview and Level Annotations

Branches:
Dungeon (1/15)

Altars:


Innate Abilities, Weirdness & Mutations

You are very small and have problems with some larger weapons.
You are too small for most types of armour.
You have supernaturally acute eyesight. (SInv)
You cover ground extremely quickly. (Speed+++)


Message History

You hit the quokka but do no damage.
The quokka is severely wounded.
The quokka completely misses you.
You barely miss the quokka.
The quokka is severely wounded.
The quokka bites you.
* * * LOW HITPOINT WARNING * * *
The quokka closely misses you.
You hit the quokka.
The quokka is almost dead.
The quokka completely misses you.
You miss the quokka.
The quokka is almost dead.
The quokka completely misses you.
You barely miss the quokka.
The quokka is almost dead.
The quokka completely misses you.
You miss the quokka.
The quokka is almost dead.
The quokka misses you.
You closely miss the quokka.
The quokka is almost dead.
The quokka completely misses you. x2
You hit the quokka.
You kill the quokka!
There is a large open door here.
The hobgoblin completely misses you.
There is a large open door here.
You barely miss the hobgoblin. The hobgoblin closely misses you.
You closely miss the hobgoblin. The hobgoblin barely misses you.
You closely miss the hobgoblin. The kobold misses you.
The hobgoblin misses you.
You hit the hobgoblin but do no damage.
The kobold hits you with a +0 short sword.
* * * LOW HITPOINT WARNING * * *
The hobgoblin barely misses you.
You hit the hobgoblin.
The hobgoblin is moderately wounded.
The kobold hits you with a +0 short sword.
You die...

##≈#<...8####8####8..
..≈#.....'.......+...
#.≈#8...8##8#'#8##8.. #####
#.≈###'######'######' #...#
#.≈#≈#.##♣♣.....♣♣##. #...#
#.≈♣♣8.#♣≈.......≈♣#.
#...###.≈#≈#.8#.........#8.
#....†..≈###.##...≈♣≈...##.
######....##gKK@g.''...♣8♣...''.
#.........###≈###.##...≈♣≈...##.
#.........###≈#≈#.8#.........#8.
#.........').≈♣♣8.#♣≈.......≈♣#.
#.........##.≈#≈#.##♣♣.....♣♣##.
#.......KJ##.≈###'######'### ##+
#........r##.≈#8...8##8#'#8##8..
###........#.≈#.....'.......'...
#÷.......#.≈#....8####8####8..


You could see 2 hobgoblins and 2 kobolds.

Vanquished Creatures
  A ball python (D:1)
  2 endoplasms (D:1)
  A giant cockroach (D:1)
  A goblin (D:1)
  A quokka (D:1)
  A bat (D:1)
  2 frilled lizards (D:1)
  A kobold (D:1)
  A rat (D:1)
11 creatures vanquished.

Notes
Turn   | Place    | Note
-------+----------+-------------------------------------------
     0 | D:1      | Twinkles the Spriggan Artificer began the quest for the
                  | Orb.
     0 | D:1      | Reached XP level 1. HP: 9/9 MP: 2/2
   217 | D:1      | Reached skill level 1 in Fighting
   366 | D:1      | Reached XP level 2. HP: 13/14 MP: 3/3
   402 | D:1      | HP: 4/14 [quokka (4)]
   738 | D:1      | HP: 4/14 [quokka (3)]
   752 | D:1      | HP: 2/14 [kobold (2)]
   753 | D:1      | Slain by a kobold

Illustrated notes

Levels and vault maps discovered:
D:1:      saegor_arrival_fortress, layout_basic, ebering_ecumenical_altar_mist,
          nrook_loot_triangle

Skill      XL: |  1 |
---------------+----+-----
Stealth        | 2 |  2.2
Fighting       | 1 |  1.1
Dodging        | |  3.5
Evocations     | |  4.2

Action                   || total
-------------------------++-------
Melee: Dagger            ||    63
       Club              ||     1
 Stab: Sleeping          ||     1
Armor: Robe              ||     8
Dodge: Dodged            ||    63

Table legend: (Time is in decaauts)
 A = Elapsed time spent in this place.
 B = Non-inter-level travel time spent in this place.
 C = Inter-level travel time spent in this place.
 D = Time resting spent in this place.
 E = Time spent auto-exploring this place.
 F = Levels seen in this place.
 G = Mean time per level.
                   A        B        C        D        E       F      G
               +--------+--------+--------+--------+--------+-----+--------+
         Total |    658 |    658 |      0 |    242 |    249 |   1 |  658.0 |
       Dungeon |    658 |    658 |      0 |    242 |    249 |   1 |  658.0 |
               +--------+--------+--------+--------+--------+-----+--------+

Top non-repeatable levels by time:
     D:1: 658 daAuts
